[ PARTIDA AOE2 · #460403508 ]
UnrankedIndostaníes vs Cumans
Equipo del jugador · DERR
Equipo rival · VICT
[ ANÁLISIS DE REPETICIÓN · EXTRAÍDO DE LA PARTIDA GRABADA ]
Feudal
11:24
Castillos
14:58
Imperial
—
| APM promedio | 59.8 |
| APM pico | 112 |
| eAPM promedio | 30.6 |
| Aldeanos / militares | 78 / 25 |
Foco
⚔️ 37.2% · 🌾 62.8%
Galley ×24 · Fishing Ship ×14 · Unknown (2626) ×7 · Mangonel ×1
Feudal
9:40
Castillos
17:46
Imperial
—
| APM promedio | 51.0 |
| APM pico | 82 |
| eAPM promedio | 20.9 |
| Aldeanos / militares | 42 / 15 |
Foco
⚔️ 39.8% · 🌾 60.2%
Fishing Ship ×12 · Spearman ×6 · Unknown (2626) ×4 · Demolition Raft ×3 · Mangonel ×2 · Battering Ram ×2
Mapa de la partida
Recursos iniciales + cada clic de construcción. Líneas = muros · curvas = relieve. ◆ oro · ⬟ piedra · ● bayas · ✦ reliquia · ◌ hueco del cierre
Inputs por minuto
— DYS.Bensoncat - - Lo Siento Scout
Build order — DYS.Bensoncat
Primeras 150 de 174 acciones detectadas
| 0:00 | Crear | Villager (Male) ×4 |
| 0:01 | Crear | Villager (Male) ×4 |
| 0:02 | Construir | House |
| 0:03 | Construir | House |
| 1:19 | Crear | Villager (Male) |
| 1:20 | Crear | Villager (Male) |
| 1:39 | Construir | Lumber Camp |
| 1:43 | Crear | Villager (Male) |
| 1:43 | Crear | Villager (Male) |
| 1:58 | Crear | Villager (Male) |
| 1:58 | Crear | Villager (Male) |
| 2:25 | Crear | Villager (Male) |
| 2:25 | Crear | Villager (Male) |
| 2:58 | Crear | Villager (Male) |
| 3:17 | Crear | Villager (Male) |
| 3:24 | Construir | House |
| 4:00 | Construir | Dock |
| 4:10 | Crear | Villager (Male) |
| 4:10 | Crear | Villager (Male) |
| 4:31 | Crear | Villager (Male) |
| 4:32 | Crear | Villager (Male) |
| 4:49 | Crear | Fishing Ship |
| 4:49 | Crear | Fishing Ship |
| 4:59 | Crear | Villager (Male) |
| 4:59 | Crear | Villager (Male) |
| 5:05 | Construir | House |
| 5:20 | Crear | Villager (Male) |
| 5:20 | Crear | Villager (Male) |
| 5:21 | Crear | Fishing Ship |
| 5:30 | Crear | Villager (Male) |
| 5:30 | Crear | Villager (Male) |
| 5:39 | Crear | Fishing Ship |
| 5:40 | Crear | Fishing Ship |
| 5:46 | Crear | Villager (Male) |
| 5:46 | Crear | Villager (Male) |
| 6:05 | Construir | House |
| 6:12 | Crear | Villager (Male) |
| 6:12 | Crear | Villager (Male) |
| 6:26 | Construir | Lumber Camp |
| 6:27 | Crear | Villager (Male) |
| 6:28 | Crear | Villager (Male) |
| 6:37 | Crear | Villager (Male) |
| 6:37 | Crear | Villager (Male) |
| 6:51 | Crear | Fishing Ship |
| 6:54 | Crear | Villager (Male) |
| 6:55 | Crear | Villager (Male) |
| 7:15 | Crear | Villager (Male) |
| 7:18 | Construir | House |
| 7:28 | Crear | Fishing Ship |
| 7:28 | Crear | Villager (Male) |
| 7:29 | Crear | Villager (Male) |
| 8:00 | Construir | Mining Camp |
| 8:16 | Construir | Dock |
| 8:53 | Construir | Mill |
| 9:11 | Crear | Fishing Ship |
| 9:14 | Investigar | Feudal Age |
| 9:14 | Investigar | Feudal Age |
| 9:20 | Construir | House |
| 9:41 | Crear | Fishing Ship |
| 10:16 | Crear | Fishing Ship |
| 10:26 | Construir | House |
| 10:34 | Crear | Fishing Ship |
| 10:50 | Crear | Villager (Male) |
| 11:24 | Edad | Edad Feudal |
| 11:26 | Crear | Villager (Male) |
| 11:27 | Crear | Villager (Male) |
| 11:28 | Construir | Market |
| 11:29 | Construir | Blacksmith |
| 12:06 | Construir | Dock |
| 12:18 | Investigar | Castle Age |
| 12:18 | Investigar | Castle Age |
| 12:22 | Crear | Fishing Ship |
| 12:23 | Crear | Fishing Ship |
| 12:36 | Investigar | Loom |
| 12:41 | Investigar | Double-Bit Axe |
| 12:57 | Crear | Unit 2626 |
| 13:23 | Crear | Fishing Ship |
| 13:28 | Construir | House |
| 13:36 | Crear | Unit 2626 |
| 14:20 | Crear | Unit 2626 |
| 14:51 | Crear | Villager (Male) |
| 14:58 | Edad | Edad de los Castillos |
| 15:02 | Construir | Town Center |
| 15:03 | Investigar | Bow Saw |
| 15:05 | Crear | Villager (Male) |
| 15:07 | Crear | Unit 2626 |
| 15:12 | Crear | Villager (Male) |
| 15:19 | Crear | Unit 2626 |
| 15:22 | Construir | House |
| 15:44 | Crear | Unit 2626 |
| 15:52 | Investigar | War Galley (upgrade) |
| 15:52 | Investigar | War Galley (upgrade) |
| 15:55 | Crear | Villager (Male) |
| 16:04 | Crear | Villager (Male) |
| 16:22 | Crear | Villager (Male) |
| 16:23 | Crear | Unit 2626 |
| 16:39 | Construir | House |
| 16:39 | Construir | House |
| 16:40 | Crear | Villager (Male) |
| 16:41 | Investigar | Wheelbarrow |
| 16:42 | Investigar | Wheelbarrow |
| 16:42 | Crear | Villager (Male) |
| 16:53 | Crear | Villager (Male) |
| 17:06 | Crear | Villager (Male) |
| 17:18 | Construir | Town Center |
| 17:22 | Construir | House |
| 17:22 | Construir | House |
| 17:24 | Construir | House |
| 17:30 | Investigar | Fletching |
| 17:30 | Investigar | Fletching |
| 17:31 | Crear | Galley |
| 17:32 | Crear | Galley |
| 17:32 | Crear | Galley |
| 17:42 | Crear | Villager (Male) |
| 18:05 | Investigar | Horse Collar |
| 18:05 | Investigar | Horse Collar |
| 18:05 | Investigar | Horse Collar |
| 18:07 | Crear | Galley |
| 18:08 | Crear | Galley |
| 18:08 | Crear | Galley |
| 18:30 | Construir | Dock |
| 18:43 | Crear | Galley |
| 18:44 | Crear | Galley |
| 18:44 | Crear | Galley |
| 19:04 | Crear | Galley |
| 19:04 | Crear | Galley |
| 19:05 | Crear | Villager (Male) |
| 19:15 | Crear | Galley |
| 19:15 | Crear | Galley |
| 19:15 | Crear | Galley |
| 19:26 | Investigar | Bodkin Arrow |
| 19:26 | Investigar | Bodkin Arrow |
| 19:31 | Crear | Galley |
| 19:32 | Crear | Galley |
| 19:32 | Crear | Galley |
| 19:32 | Crear | Villager (Male) |
| 19:33 | Crear | Villager (Male) |
| 19:36 | Crear | Galley |
| 19:36 | Crear | Galley |
| 19:37 | Crear | Galley |
| 19:54 | Crear | Galley |
| 19:54 | Crear | Galley |
| 20:04 | Crear | Villager (Male) |
| 20:06 | Crear | Galley |
| 20:06 | Crear | Galley |
| 20:16 | Crear | Villager (Male) |
| 20:20 | Construir | Barracks |
| 20:21 | Crear | Villager (Male) |
| 20:21 | Crear | Villager (Male) |
| 20:31 | Crear | Villager (Male) |
Build order — Lo Siento Scout
115 acciones detectadas en el replay
| 0:00 | Crear | Villager (Male) |
| 0:01 | Crear | Villager (Male) |
| 0:01 | Crear | Villager (Male) |
| 0:01 | Crear | Villager (Male) |
| 0:02 | Construir | House |
| 0:04 | Construir | House |
| 1:23 | Crear | Villager (Male) |
| 1:58 | Construir | Lumber Camp |
| 1:58 | Crear | Villager (Male) |
| 2:12 | Crear | Villager (Male) |
| 2:47 | Crear | Villager (Male) |
| 2:58 | Crear | Villager (Male) |
| 3:43 | Crear | Villager (Male) |
| 3:43 | Crear | Villager (Male) |
| 3:53 | Construir | House |
| 4:27 | Crear | Villager (Male) |
| 4:34 | Crear | Villager (Male) |
| 4:55 | Construir | Dock |
| 5:00 | Crear | Villager (Male) |
| 5:14 | Construir | House |
| 5:32 | Crear | Villager (Male) |
| 5:32 | Crear | Villager (Male) |
| 5:40 | Crear | Fishing Ship |
| 5:40 | Crear | Fishing Ship |
| 6:23 | Crear | Fishing Ship |
| 6:30 | Crear | Villager (Male) |
| 6:51 | Investigar | Loom |
| 7:06 | Crear | Fishing Ship |
| 7:13 | Construir | House |
| 7:30 | Investigar | Feudal Age |
| 7:30 | Investigar | Feudal Age |
| 7:51 | Crear | Fishing Ship |
| 8:40 | Construir | Lumber Camp |
| 8:57 | Crear | Villager (Male) |
| 9:03 | Construir | Mining Camp |
| 9:13 | Crear | Fishing Ship |
| 9:15 | Crear | Villager (Male) |
| 9:40 | Edad | Edad Feudal |
| 9:42 | Crear | Unit 2626 |
| 9:45 | Investigar | Double-Bit Axe |
| 9:45 | Investigar | Double-Bit Axe |
| 9:49 | Crear | Villager (Male) |
| 10:12 | Construir | Mill |
| 10:13 | Crear | Villager (Male) |
| 10:22 | Construir | House |
| 10:26 | Crear | Unit 2626 |
| 10:35 | Crear | Transport Ship |
| 10:42 | Crear | Villager (Male) |
| 10:54 | Construir | House |
| 10:56 | Crear | Villager (Male) |
| 11:12 | Crear | Villager (Male) |
| 11:26 | Crear | Villager (Male) |
| 11:34 | Crear | Demolition Raft |
| 11:41 | Crear | Demolition Raft |
| 11:43 | Crear | Fishing Ship |
| 11:48 | Crear | Villager (Male) |
| 12:16 | Crear | Villager (Male) |
| 12:28 | Crear | Demolition Raft |
| 12:34 | Construir | Dock |
| 12:44 | Crear | Villager (Male) |
| 12:46 | Construir | House |
| 12:55 | Crear | Fishing Ship |
| 12:55 | Crear | Fishing Ship |
| 12:55 | Crear | Fishing Ship |
| 13:00 | Crear | Villager (Male) |
| 13:13 | Construir | Market |
| 13:16 | Construir | Blacksmith |
| 13:33 | Crear | Villager (Male) |
| 13:43 | Crear | Villager (Male) |
| 13:50 | Construir | House |
| 14:04 | Crear | Fishing Ship |
| 14:04 | Crear | Fishing Ship |
| 14:12 | Crear | Villager (Male) |
| 14:34 | Construir | House |
| 14:49 | Investigar | Castle Age |
| 14:49 | Investigar | Castle Age |
| 15:03 | Construir | Barracks |
| 15:07 | Crear | Villager (Male) |
| 15:23 | Crear | Trade Cog |
| 15:32 | Crear | Unit 2626 |
| 15:53 | Construir | Siege Workshop |
| 16:30 | Construir | Lumber Camp |
| 16:48 | Construir | Barracks |
| 16:49 | Crear | Spearman |
| 16:53 | Crear | Villager (Male) |
| 17:01 | Investigar | Gold Mining |
| 17:03 | Construir | House |
| 17:16 | Crear | Battering Ram |
| 17:17 | Crear | Spearman |
| 17:20 | Investigar | Scale Mail Armor |
| 17:25 | Crear | Unit 2626 |
| 17:43 | Crear | Spearman |
| 17:43 | Crear | Spearman |
| 17:46 | Edad | Edad de los Castillos |
| 18:09 | Crear | Battering Ram |
| 18:11 | Construir | House |
| 18:16 | Crear | Villager (Male) |
| 18:38 | Construir | Monastery |
| 18:50 | Construir | Farm |
| 18:50 | Construir | Farm |
| 18:55 | Crear | Villager (Male) |
| 19:06 | Investigar | Pikeman (upgrade) |
| 19:16 | Crear | Villager (Male) |
| 19:30 | Crear | Mangonel |
| 19:32 | Construir | House |
| 19:54 | Crear | Villager (Male) |
| 19:59 | Construir | House |
| 20:39 | Crear | Villager (Male) |
| 20:58 | Crear | Mangonel |
| 21:22 | Crear | Villager (Male) |
| 21:41 | Crear | Villager (Male) |
| 21:56 | Crear | Spearman |
| 21:56 | Crear | Spearman |
| 22:05 | Crear | Monk |
| 22:21 | Crear | Villager (Male) |
Cronología de la partida
| 4:00 | DYS.Bensoncat · first_building Dock |
| 4:55 | Lo Siento Scout · first_building Dock |
| 9:40 | Lo Siento Scout · age_up feudal |
| 11:24 | DYS.Bensoncat · age_up feudal |
| 14:10 | DYS.Bensoncat · first_market_sell 100 food |
| 14:17 | Lo Siento Scout · first_market_sell 500 stone |
| 14:18 | Lo Siento Scout · first_market_buy 100 food |
| 14:58 | DYS.Bensoncat · age_up castle |
| 15:03 | Lo Siento Scout · first_building Barracks |
| 15:48 | DYS.Bensoncat · first_market_buy 100 wood |
| 15:53 | Lo Siento Scout · first_building Siege Workshop |
| 17:46 | Lo Siento Scout · age_up castle |
| 18:38 | Lo Siento Scout · first_building Monastery |
| 20:20 | DYS.Bensoncat · first_building Barracks |
| 20:45 | DYS.Bensoncat · first_building Siege Workshop |
| 22:29 | DYS.Bensoncat · resign |
[ ANÁLISIS IA · 1 CRÉDITO ]
¿Qué pasó realmente en esta partida?
Wolo.gg analiza cada decisión: build order, eco, micro, errores típicos por bracket. Análisis personalizado por WhatsApp o Discord en 30 segundos.
Guía civ
Indostaníes
Perfil
Jugador #473590